 Dungeon Crawl Stone Soup version 0.31-a0-1074-g0b22e4e0f1 (webtiles) character file.

Game seed: 6937541113976535171

1497 sammy202020 the Shield-Bearer (level 8, 0/52 HPs)
             Began as a Gargoyle Fighter on Nov 29, 2023.
             Slain by a troll (11 damage)
             ... on level 5 of the Dungeon.
             The game lasted 00:07:25 (3944 turns).

sammy202020 the Shield-Bearer (Gargoyle Fighter)    Turns: 3944, Time: 00:07:26

Health: 0/52       AC: 15    Str: 19    XL:     8   Next: 81%
Magic:  8/8        EV: 10    Int: 12    God:
Gold:   208        SH:  6    Dex:  9    Spells: 7/7 levels left

rFire   . . .        j - +10 mace "Deomn" {flame, rN+ rCorr SInv}
rCold   . . .        c - +1 buckler
rNeg    + + .        b - +0 scale mail
rPois   ∞            (no helmet)
rElec   +            g - +0 cloak
rCorr   +            h - +0 pair of gloves
SInv    +            (no boots)
Will    .....        (no amulet) Stlth
                     (no ring)
HPRegen 0.28/turn    (no ring)
MPRegen 0.11/turn

%: no passive effects
@: no status effects
A: sickness immunity, AC +5, negative energy resistance 1, electricity
resistance, torment resistance 1, petrification resistance
a: no special abilities


You were on level 5 of the Dungeon.
You visited 1 branch of the dungeon, and saw 7 of its levels.

You collected 208 gold pieces.

Inventory:

Hand Weapons
 a - a +1 flail
 j - the +10 mace "Deomn" (weapon) {flame, rN+ rCorr SInv}
   (You found it on level 2 of the Dungeon)

   rN+:       It protects you from negative energy.
   SInv:      It lets you see invisible.
   rCorr:     It protects you from acid and corrosion.
Missiles
 i - 2 poisoned darts
 m - a throwing net
Armour
 b - a +0 scale mail (worn)
 c - a +1 buckler (worn)
 g - a +0 cloak (worn)
 h - a +0 pair of gloves (worn)
Scrolls
 l - a scroll of enchant weapon
 n - a scroll of fear
 p - 4 scrolls of identify
Potions
 f - a potion of ambrosia {unknown}
 k - 2 potions of lignification
 o - a potion of heal wounds {unknown}


   Skills:
 * Level 6.3 Fighting
 * Level 5.2 Maces & Flails
 * Level 6.4 Armour
 + Level 2.8 Dodging
 * Level 6.4 Shields


You had 7 spell levels left.
You didn't know any spells.
Your spell library contained the following spells:

 Spells                   Type           Power      Damage    Failure   Level
 Sandblast                Erth           0%         2d4       73%         1
 Passwall                 Tmut/Erth      0%         N/A       86%         2
 Stone Arrow              Conj/Erth      0%         3d7       97%         3
 Brom's Barrelling Bould  Conj/Erth      0%         2d3       100%        4


Dungeon Overview and Level Annotations

Branches:
Dungeon (7/15)
 Temple: D:4-7

Altars:
Nemelex Xobeh
Sif Muna

Shops:
D:2 *   D:3 *[   D:6 *


Innate Abilities, Weirdness & Mutations

You are immune to sickness and miasma.
Your stone body is resilient. (AC +5)
You are immune to poison.
You resist negative energy. (rN+)
You are resistant to electric shocks. (rElec)
You are resistant to unholy torment.
You are immune to petrification.


Message History

You kill the gnoll!
The iguana bites you but does no damage.
Things that are here:
a +0 whip; a gnoll corpse You hit the iguana.
You burn the iguana.
The iguana is heavily wounded.
You block the iguana's attack.
A gnoll comes into view. It is wielding a +0 halberd.
The gnoll moves out of view.
You hit the troll. You burn the troll.
The troll is lightly wounded.
The gnoll bouda gazes fiercely through you!
You feel your attacks grow feeble. The troll bites you!
The troll claws you but does no damage. x2
You hear a shout! x2
You hit the troll. You burn the troll.
The troll is moderately wounded.
You block the troll's attack. x2; The troll claws you.
You barely miss the troll.
The troll is moderately wounded.
The gnoll bouda barks out a call to the hunt!
The gnoll picks up the pace!
The troll bites you but does no damage. You block the troll's attack.
The troll closely misses you.
You hit the troll. You burn the troll.
The troll is moderately wounded.
The troll misses you. You block the troll's attack. The troll claws you!
* * * LOW HITPOINT WARNING * * *
You sock the troll! You burn the troll.
The troll is almost dead.
You block the troll's attack. The troll barely misses you.
You block the troll's attack.
You hit the troll but do no damage.
The troll is severely wounded.
You block the troll's attack. x2; The troll barely misses you.
You hit the troll. You burn the troll.
The troll is almost dead.
Your attacks no longer feel as feeble.
The troll bites you!
You die...

##.##.############..######
#.##..# ##>## #.###)###
#..# #.###...# ##.##
..##..#.# ##..#######
....)....# ##..#.......
...#...#..# #..##.......
..#...#....###.###.......
.#(..#)..#..##lT@........
h#...#..##.##g###.......
...#...#...<.g.# #######
.....g...##.†.##
#....#...# #.......#
#...#.#....# #.. #†)##...#
. #...##....#


You could see a troll, a gnoll bouda, an iguana and a gnoll (swift).

Vanquished Creatures
  A steam dragon (D:5)
  Pargi (D:3)
  An ice beast (D:5)
  A black bear (D:6)
  2 ogres
  A sky beast (D:5)
  A phantom (D:6)
  2 gnoll sergeants (D:5)
  A scorpion (D:5)
  A howler monkey (D:5)
  3 orc priests (D:5)
  3 hounds
  A jelly (D:4)
  A sleepcap (D:5)
  An iguana (D:4)
  An orc wizard (D:5)
  8 adders
  6 gnolls (D:5)
  A shadow imp (D:5)
  3 ufetubi
  3 worms
  A dart slug (D:2)
  3 orcs
  9 bats
  6 endoplasms
  10 goblins
  7 hobgoblins
  6 jackals
  3 quokkas
  6 ball pythons
  4 frilled lizards
  7 kobolds
  8 rats
113 creatures vanquished.

Vanquished Creatures (others)
  An orc (D:5)
1 creature vanquished.

Grand Total: 114 creatures vanquished

Notes
Turn   | Place    | Note
-------+----------+-------------------------------------------
     0 | D:1      | sammy202020 the Gargoyle Fighter began the quest for the
                  | Orb.
     0 | D:1      | Reached XP level 1. HP: 14/14 MP: 1/1
    73 | D:1      | Reached XP level 2. HP: 13/19 MP: 2/2
   516 | D:1      | Reached XP level 3. HP: 22/23 MP: 3/3
  1257 | D:2      | Reached XP level 4. HP: 29/29 MP: 4/4
  1497 | D:2      | Identified the +10 mace "Deomn" {flame, rN+ rCorr SInv}
  1510 | D:2      | Found Wemace Alae's General Store.
  1516 | D:2      | Reached skill level 1 in Dodging
  1843 | D:3      | Reached XP level 5. HP: 33/33 MP: 5/5
  1872 | D:3      | Found Dirufud's General Store.
  1922 | D:3      | Noticed Pargi
  1931 | D:3      | Killed Pargi
  2097 | D:3      | Reached XP level 6. HP: 39/39 MP: 6/6
  2160 | D:3      | Found Rupoxkos's Antique Armour Shop.
  2388 | D:4      | Found a shimmering blue altar of Sif Muna.
  3039 | D:5      | Entered Level 5 of the Dungeon
  3057 | D:5      | Reached XP level 7. HP: 20/44 MP: 7/7
  3071 | D:4      | Reached skill level 5 in Fighting
  3071 | D:4      | Reached skill level 5 in Armour
  3071 | D:4      | Reached skill level 5 in Shields
  3203 | D:5      | You fall into a shaft and drop 2 floors!
  3326 | D:6      | Found Lusiycru's Elemental Accessories.
  3502 | D:6      | Found a sparkling altar of Nemelex Xobeh.
  3533 | D:5      | Noticed a steam dragon
  3555 | D:5      | Killed a steam dragon
  3556 | D:5      | Reached XP level 8. HP: 9/51 MP: 8/8
  3910 | D:5      | Reached skill level 5 in Maces & Flails
  3915 | D:5      | Noticed a troll
  3944 | D:5      | Slain by a troll

Illustrated notes

Levels and vault maps discovered:
D:1:      sevenhm_arrival_forest_fort_small_6, layout_loops_corners,
          minmay_heptomino_o4
D:2:      layout_basic, serial_shops, nicolae_shop_advertising_works
          [nicolae_subvault_shop_adworks], minmay_mini_jars
D:3:      layout_basic, serial_shops, nicolae_shop_back_alley_shop, shop,
          uniq_pargi
D:4:      layout_loops_ring, lemuel_blue_sif_altar, minmay_strange_pillars,
          minmay_misc_feat_tower, kennysheep_cross_bottleneck
D:5:      cheibrodos_fzero, layout_rooms, gammafunk_ghost_arena
D:6:      layout_basic, nemelex_xobeh_ov_fountains_minmay, serial_bayou,
          serial_bayou_pond_e, serial_bayou_lagoon_a, serial_bayou_lake_a,
          serial_bayou_pond_a, minmay_misc_feat_pillars,
          hangedman_decor_peaks_small, nicolae_elemental_shop
D:7:      layout_loops_ring, nicolae_wu_jian_immortal_techniques,
          minmay_temple_entry_grid, enter_bailey_2

Skill      XL: |  1  2  3  4  5  6  7  8 |
---------------+-------------------------+-----
Shields        | 4 5 6 |  6.4
Dodging        | 1 2 |  2.8
Armour         | 4 5 6 |  6.4
Fighting       | 4 5 6 |  6.3
Maces & Flails | 3 4 5 |  5.2

Action                     |  1- 3 |  4- 6 |  7- 9 || total
---------------------------+-------+-------+-------++-------
  Melee: Flail             |   146 |    26 |       ||   172
         Mace              |       |    78 |    81 ||   159
    Use: Scroll            |     3 |     6 |       ||     9
         Potion            |       |       |     4 ||     4
 Armour: Scale mail        |   140 |   103 |   107 ||   350
  Dodge: Dodged            |    77 |    52 |    58 ||   187
  Block: Buckler           |    34 |    27 |    31 ||    92

Table legend: (Time is in decaauts)
 A = Elapsed time spent in this place.
 B = Non-inter-level travel time spent in this place.
 C = Inter-level travel time spent in this place.
 D = Time resting spent in this place.
 E = Time spent auto-exploring this place.
 F = Levels seen in this place.
 G = Mean time per level.
                   A        B        C        D        E       F      G
               +--------+--------+--------+--------+--------+-----+--------+
         Total |   4035 |   3930 |    105 |    353 |   2725 |   7 |  576.4 |
       Dungeon |   4035 |   3930 |    105 |    353 |   2725 |   7 |  576.4 |
               +--------+--------+--------+--------+--------+-----+--------+

Top non-repeatable levels by time:
     D:1: 1006 daAuts
     D:2: 892 daAuts
     D:4: 842 daAuts
     D:3: 501 daAuts
     D:6: 444 daAuts
     D:5: 245 daAuts
     D:7: 102 daAuts
